 Dungeon Crawl Stone Soup version 0.26-a0-818-g75db068ed4 (webtiles) character file.

Game seed: 3727586528850652711

67 jasper the Skirmisher (level 3, -1/35 HPs)
             Began as a Palentonga Delver on Nov 14, 2020.
             Slain by a gnoll
             ... wielding a +0 halberd
              (10 damage)
             ... on level 7 of the Dungeon.
             The game lasted 00:02:44 (1053 turns).

jasper the Skirmisher (Palentonga Delver)           Turns: 1053, Time: 00:02:44

Health: -1/35      AC:  4    Str: 16    XL:     3   Next: 98%
Magic:  3/3        EV:  9    Int: 10    God:
Gold:   14         SH:  0    Dex: 11    Spells: 2/2 levels left

rFire    . . .     SeeInvis +     - Unarmed
rCold    . . .     Faith    .   (no shield)
rNeg     . . .     Spirit   .   a - +0 leather armour
rPois    .         Reflect  .   (no helmet)
rElec    .         Harm     .   (no cloak)
rCorr    .         Rampage  .   (no gloves)
MR       .....                  (no barding)
Stlth    ++........             (no amulet)
HPRegen  0.11/turn              (no ring)
MPRegen  0.08/turn              (no ring)

@: no status effects
A: large, rugged brown scales 3, see invisible, deformed body, roll 1, armoured
tail
a: Rolling Charge


You were on level 7 of the Dungeon.
You visited 1 branch of the dungeon, and saw 3 of its levels.

You collected 14 gold pieces.

Inventory:

Armour
 a - a +0 leather armour (worn)
Scrolls
 b - a scroll of fog


   Skills:
 + Level 3.7 Fighting
 - Level 1.5 Dodging
 - Level 3.3 Stealth
 * Level 3.7 Unarmed Combat


You had 2 spell levels left.
You didn't know any spells.
Your spell library was empty.

Dungeon Overview and Level Annotations

Branches:
Dungeon (7/15)
 Temple: D:4-7

Altars:

Annotations:
D:5 exclusions: ogre and worker ant
D:6 exclusion: worker ant


Innate Abilities, Weirdness & Mutations

You are completely covered in rugged brown scales. (AC +3, +7% HP)
You have supernaturally acute eyesight. (SInv)
Armour fits poorly on your strangely shaped body.
You can roll at nearby foes to attack.
You have a long armoured tail.


Message History

The gnoll shaman is healed somewhat.
The gnoll closely misses you.
Evoke which item? (* to show all) (? for menu, Esc to quit)
Press: ? - help, Shift-Dir - straight line A rock wall.
The rock shatters into small pieces.
The now-empty wand crumbles to dust.
The gnoll hits you with a +0 club!
* * * LOW HITPOINT WARNING * * *
You take 7 damage, and have 8/35 hp.
You aren't carrying any potions.
Unknown command.
As you read the scroll of magic mapping, it crumbles to dust.
You feel aware of your surroundings. The gnoll hits you with a +0 club.
* * * LOW HITPOINT WARNING * * *
You take 1 damage, and have 7/35 hp.
The gnoll shaman calls upon its god to speed up the gnoll.
The gnoll seems to speed up.
Found a potion of haste and a scroll labelled ECVAVE EKHAOL.
The gnoll hits you from afar with a +0 halberd!
You die...

***,,,,,,,,,,,,,,,,,,,,,,,,,*,*
,,,,,,,,,...............,,,**,*
,,,,,**,,...............,,***,*
***,,***,...............,,* *,*
*,,* *,.................# *,*
*,,* **.................##*,*
*,,* *#.................#*,**
*,,* *#..........#......,,,,*
*,*****......?@..........*****
**,**,,,.............(...#*
**,,,,,,,.......gg........##
*,,,,,,,,..##............<.##
,,***,,,*#**#...#...........###
,**
**,,,***#..###g...........## **
**,,,*#..#* ##...o#.......## *
*,,,....** ##..g######.<.# **
**,,....,**##....o..#####.#


You could see a gnoll shaman, 3 gnolls and an orc.

Vanquished Creatures
  A centaur zombie (D:6)
  A hound (D:6)
  2 orcs
  A quokka skeleton (D:5)
5 creatures vanquished.

Notes
Turn   | Place    | Note
-------+----------+-------------------------------------------
     0 | D:5      | jasper the Palentonga Delver began the quest for the Orb.
     0 | D:5      | Reached XP level 1. HP: 20/20 MP: 1/1
     5 | D:5      | Noticed a worker ant
   110 | D:5      | Noticed an ogre
   122 | D:5      | Noticed a hound
   132 | D:5      | Noticed a worker ant
   428 | D:6      | Reached XP level 2. HP: 15/27 MP: 2/2
   428 | D:6      | Reached XP level 3. HP: 19/33 MP: 3/3
   434 | D:6      | Noticed an orc warrior
   967 | D:6      | Noticed a black bear
  1053 | D:7      | Slain by a gnoll

Illustrated notes

Levels and vault maps discovered:
D:5:      layout_rooms, temple_hall, uniq_grinder
D:6:      kennysheep_steamy, layout_basic, gammafunk_temple_overflow_claw,
          glass_columns_a
D:7:      layout_layer_cave, uniq_maggie, uniq_menkaure, uniq_pikel

Skill      XL: |  1 |
---------------+----+-----
Unarmed Combat | 3 |  3.7
Fighting       | |  3.7
Dodging        | |  1.5
Stealth        | |  3.3

Action                   || total
-------------------------++-------
Melee: Unarmed           ||    51
       Tailslap          ||    10
 Abil: Rolling Charge    ||     7
Evoke: Wand              ||     3
  Use: Scroll            ||     2
       Potion            ||     2
Armor: Leather armour    ||    16
Dodge: Dodged            ||    20

Table legend: (Time is in decaauts)
 A = Elapsed time spent in this place.
 B = Non-inter-level travel time spent in this place.
 C = Inter-level travel time spent in this place.
 D = Time resting spent in this place.
 E = Time spent auto-exploring this place.
 F = Levels seen in this place.
 G = Mean time per level.
                   A        B        C        D        E       F      G
               +--------+--------+--------+--------+--------+-----+--------+
         Total |   1019 |   1019 |      0 |    383 |    432 |   3 |  339.7 |
       Dungeon |   1019 |   1019 |      0 |    383 |    432 |   3 |  339.7 |
               +--------+--------+--------+--------+--------+-----+--------+

Top non-repeatable levels by time:
     D:6: 790 daAuts
     D:5: 152 daAuts
     D:7: 75 daAuts
